 Dungeon Crawl Stone Soup version 0.29.1-2-gbd0b4ee654 (webtiles) character file.

Game seed: 2091075756335201044

127 fantasyman the Covered (level 4, -1/39 HPs)
             Began as a Demigod Fighter on Nov 28, 2022.
             Slain by a ball python (2 damage)
             ... on level 3 of the Dungeon on Nov 30, 2022.
             The game lasted 00:03:51 (2760 turns).

fantasyman the Covered (Demigod Fighter)            Turns: 2760, Time: 00:03:53

Health: -1/39      AC: 11    Str: 21    XL:     4   Next: 56%
Magic:  6/6        EV:  7    Int: 10    God:
Gold:   151        SH:  5    Dex: 13    Spells: 3/3 levels left

rFire   . . .      SeeInvis .   a - +0 war axe
rCold   . . .      Faith    .   c - +0 buckler
rNeg    . . .      Spirit   .   m - +0 chain mail
rPois   .          Reflect  .   l - +1 hat
rElec   .          Harm     .   (no cloak)
rCorr   .          Rampage  .   p - +0 pair of gloves
Will    .....                   (no boots)
Stlth   ..........              (no amulet)
HPRegen 0.13/turn               (no ring)
MPRegen 0.10/turn               (no ring)

@: mighty, invisible
A: high MP 1, forlorn, divine attributes
a: no special abilities


You were on level 3 of the Dungeon.
You visited 1 branch of the dungeon, and saw 3 of its levels.

You collected 151 gold pieces.

Inventory:

Hand Weapons
 a - a +0 war axe (weapon)
Armour
 c - a +0 buckler (worn)
 l - a +1 hat (worn)
 m - a +0 chain mail (worn)
 p - a +0 pair of gloves (worn)
Jewellery
 e - a +6 ring of intelligence
 h - an amulet of magic regeneration
Scrolls
 g - a scroll of butterflies
 k - 3 scrolls of identify
 n - a scroll of teleportation
Potions
 d - a potion of might
 f - a potion of invisibility
 i - 5 potions of curing {unknown}
 j - a potion of flight {unknown}
 o - a potion of cancellation {unknown}


   Skills:
 * Level 3.6 Fighting
 - Level 1.7 Axes
 * Level 3.9 Armour
 * Level 3.4 Shields


You had 3 spell levels left.
You didn't know any spells.
Your spell library contained the following spells:

 Spells                   Type           Power      Damage    Failure   Level
 Slow                     Hex            0%         N/A       99%         1
 Confusing Touch          Hex            0%         N/A       100%        3
 Vampiric Draining        Necr           0%         2d6       100%        3


Dungeon Overview and Level Annotations

Branches:
Dungeon (3/15)

Shops:
D:3 *

Annotations:
D:3 1 runed translucent door


Innate Abilities, Weirdness & Mutations

You have an increased reservoir of magic. (+10% MP)
You shall have no god before yourself.
Your divine heritage dramatically boosts your attributes as you level up.


Message History

The orc priest mumbles some strange prayers to Beogh against you.
Pain shoots through your body!
The orc priest mumbles some strange prayers to Beogh against you.
Beogh smites you!
The orc wizard moves out of view.
There are monsters nearby!
You are too injured to fight recklessly!
You are too injured to fight recklessly!
You are too injured to fight recklessly!
Unknown command.
You fade into invisibility!
The orc hits you but does no damage.
The orc priest hits you but does no damage.
You feel very mighty all of a sudden.
A ball python comes into view.
The orc priest hits you but does no damage.
The orc barely misses you.
The orc priest calls down the wrath of Beogh upon you.
Beogh smites you!
* * * LOW HITPOINT WARNING * * *
You barely miss the orc priest.
The ball python hisses angrily.
You hit the orc.
You kill the orc!
The ball python hisses angrily.
The orc priest hits you with a +0 dagger.
* * * LOW HITPOINT WARNING * * *
You slash the orc priest!
The orc priest is heavily wounded.
You hit the orc priest.
The ball python hisses angrily.
The orc priest hits you but does no damage. x2
Unknown command.
You closely miss the orc priest.
The orc priest is moderately wounded.
You barely miss the orc.
The ball python hisses angrily.
The orc wizard casts a spell past the orc priest.
The orc priest hits you but does no damage.
The ball python bites you.
You die...

..#....♣.##
#..♣...♣.....♣...♣......
#........#.#.......#.#..
...#.#.......#.#.......
#......♣.. ♣.....♣...♣.
#.#.♣...o#....♣....#...
##.....o♣...♣.....♣...♣.
#...#.#So.....#.#.......
#......@o#.#. .....#.#..
#..♣...♣.....♣...♣......
#....#....♣....#....♣...
#..♣...♣.....♣...♣.....#
#........#.#.......#.#.#
#...#.#.......#.#.......
##......♣...♣.....♣...♣.
#...♣....#....♣....#...
##.....♣...♣.)...♣...#.


You could see 2 orc priests, an orc wizard (unable to see you), an orc (unable
to see you) and a ball python (unable to see you).

Vanquished Creatures
  A gnoll (D:1)
  3 adders
  A worm (D:2)
  3 dart slugs
  An orc (D:3)
  3 ball pythons
  10 endoplasms
  2 giant cockroaches
  6 goblins
  9 hobgoblins
  6 jackals (D:1)
  8 kobolds
  5 quokkas
  4 bats
  5 frilled lizards
  7 rats
74 creatures vanquished.

Notes
Turn   | Place    | Note
-------+----------+-------------------------------------------
     0 | D:1      | fantasyman the Demigod Fighter began the quest for the Orb.
     0 | D:1      | Reached XP level 1. HP: 18/18 MP: 3/3
   128 | D:1      | Reached XP level 2. HP: 25/25 MP: 4/4
   873 | D:1      | Reached XP level 3. HP: 31/31 MP: 5/5
  1712 | D:2      | Reached XP level 4. HP: 22/38 MP: 6/6
  2552 | D:3      | Found Gozag's Platinum Reserve.
  2694 | D:3      | Found a runed translucent gate.
  2758 | D:3      | HP: 1/39 [orc priest/+0 dagger (2)]
  2760 | D:3      | Slain by a ball python

Illustrated notes

Levels and vault maps discovered:
D:1:      tarquinn_simple_flora_water_e, layout_basic,
          chequers_ecumenical_altar_simple_redux
D:2:      layout_basic, minmay_split_cup_small
D:3:      layout_rooms, nicolae_gozag_zags_fifth_avenue,
          gammafunk_ghost_cemetery, nicolae_kite_square_tiling_tiny,
          solitary_fountain

Skill      XL: |  1  2 |
---------------+-------+-----
Armour         | 3 |  3.9
Fighting       | 3 |  3.6
Shields        | 3 |  3.4
Axes           | |  1.7

Action                   |  1- 3 |  4- 6 || total
-------------------------+-------+-------++-------
Melee: War axe           |   134 |    56 ||   190
  Use: Scroll            |     3 |     2 ||     5
       Potion            |       |     2 ||     2
Armor: Scale mail        |    79 |    20 ||    99
       Chain mail        |       |    11 ||    11
Dodge: Dodged            |    75 |    24 ||    99
Block: Buckler           |    33 |    11 ||    44
